 Dungeon Crawl Stone Soup version 0.26-a0-639-g72c4674329 (webtiles) character file.

Game seed: 9727138925484674370

41013 DogServant the Cleaver (level 13, -23/125 HPs)
             Began as a Minotaur Berserker on Sept 19, 2020.
             Was a High Priest of Trog.
             Annihilated by a minotaur
             ... wielding the +8 whip "Snakebite" {curare, rPois}
              (24 damage)
             ... in a Gauntlet.
             The game lasted 00:45:58 (16042 turns).

DogServant the Cleaver (Minotaur Berserker)        Turns: 16042, Time: 00:45:58

Health: -23/125    AC: 20    Str: 31    XL:     13   Next: 77%
Magic:  12/12      EV: 16    Int:  4    God:    Trog [*****.]
Gold:   635        SH:  5    Dex: 22    Spells: 12/12 levels left

rFire    + . .     SeeInvis .   h - +3 war axe "Jueron" {vorpal, Dex+3}
rCold    . . .     Faith    .   s - +0 buckler
rNeg     . . .     Spirit   .   g - +0 plate armour of the Cockatrice {Harm +Blink MR- Dex+7} (curse)
rPois    .         Reflect  .   l - +2 hat
rElec    .         Harm     +   (no cloak)
rCorr    .         Rampage  .   (no gloves)
MR       +....     NoTele   +   y - +0 pair of boots
Stlth    ..........             H - amulet of magic regeneration
HPRegen  1.30/turn              a - ring of protection from fire
MPRegen  0.38/turn              r - +6 ring of strength

@: lethally poisoned (-23 -> -30), berserk cooldown, very slightly contaminated,
regenerating, slowed, studying Armour, invisible, very slow
A: retaliatory headbutt, horns 2
a: Berserk, Trog's Hand, Brothers in Arms, Renounce Religion, Evoke Blink


You were in a Gauntlet.
You worshipped Trog.
Trog was extremely pleased with you.
You visited 2 branches of the dungeon, and saw 15 of its levels.
You also visited: Bailey and Gauntlet.

You collected 965 gold pieces.
You spent 330 gold pieces at shops.

Inventory:

Hand Weapons
 h - the +3 war axe "Jueron" (weapon) {vorpal, Dex+3}
   (Trog gifted it to you on level 2 of the Lair of Beasts)

   It inflicts extra damage upon your enemies.
   It affects your dexterity (+3).
 G - a +3 battleaxe of freezing
 I - a +4 antimagic executioner's axe
Armour
 f - a +1 plate armour
 g - the cursed +0 plate armour of the Cockatrice (worn) {Harm +Blink MR- Dex+7}
   (You found it on level 2 of the Lair of Beasts)

   It affects your dexterity (+7).
   It affects your resistance to hostile enchantments.
   It lets you blink.
   It increases damage dealt and taken.
   It has a curse placed upon it.
 l - a +2 hat (worn)
 o - the +0 scale mail of the Catfish {rPois Str+4, unknown}
   (You found it in a Gauntlet)

   It affects your strength (+4).
   It protects you from poison.
 s - a +0 buckler (worn)
 y - a +0 pair of boots (worn)
 z - +2 ice dragon scales
Jewellery
 a - a ring of protection from fire (left hand)
 c - an uncursed ring of protection from cold
 r - a +6 ring of strength (right hand)
 E - an uncursed ring of positive energy
 H - an amulet of magic regeneration (around neck)
 L - the amulet "Huobioc" {Fragile MR++ Regen+ Slay+2 Stlth+}
   (You found it in a Gauntlet)

   [amulet of regeneration]

   It affects your accuracy and damage with ranged weapons and melee attacks
   (+2).
   It affects your resistance to hostile enchantments.
   It increases your rate of regeneration.
   It will be destroyed if unequipped.
   It makes you more stealthy.
Wands
 b - a wand of paralysis (7)
 e - a wand of flame (14)
 n - a wand of disintegration (8)
 t - a wand of random effects (7)
 A - a wand of polymorph (17)
 J - a wand of iceblast (9)
Scrolls
 p - 3 scrolls of blinking
 u - 8 scrolls of teleportation
 B - 3 scrolls of magic mapping
Potions
 d - 4 potions of flight
 i - a potion of lignification
 j - 6 potions of haste
 m - a potion of cancellation
 q - 2 potions of stabbing
 w - 2 potions of curing
 C - a potion of berserk rage
 D - a potion of invisibility
 F - 2 potions of mutation {unknown}
 K - a potion of ambrosia
Books
 k - a manual of Armour
Miscellaneous
 v - a box of beasts (3/3)


   Skills:
 + Level 14.5 Fighting
 + Level 14.5 Axes
 - Level 14.1 Armour
 - Level 10.0 Dodging
 + Level 1.0 Shields
 + Level 7.3 Evocations


You had 12 spell levels left.
You didn't know any spells.
Your spell library was empty.

Dungeon Overview and Level Annotations

Branches:
Dungeon (12/15)            Temple (0/1) D:6            Lair (3/6) D:10
  Swamp (0/4) Lair:2          Orc (0/2) D:12         Bailey (visited)
Gauntlet (1/1)
  Snake: Lair:2-4    Spider: Lair:2-4

Altars:
Dithmenos
Fedhas
Gozag
Makhleb
Qazlal
The Shining One

Shops:
D:9 *   D:10 *

Annotations:
Gauntlet 8 transporters, 3 runed translucent doors


Innate Abilities, Weirdness & Mutations

You reflexively headbutt those who attack you in melee.
You have a pair of horns on your head.


Message History

The minotaur gores you but does no damage.
Your iron troll goes berserk!
You feel less wooden.
Your +2 hat unmelds from your body.
Your +0 pair of boots unmelds from your body.
The cursed +0 plate armour of the Cockatrice {Harm +Blink MR- Dex+7} unmelds from your body.
You feel very sick. The minotaur barely misses you. You furiously retaliate!
You headbutt the minotaur! You block the minotaur's attack.
You feel better.
The minotaur hits you with the +8 whip "Snakebite" {curare, rPois}!
* * * LOW HITPOINT WARNING * * *
You are poisoned.
You are more poisoned.
You have difficulty breathing.
* * * LOW HITPOINT WARNING * * *
You feel as though you will be slow longer.
The minotaur gores you!
* * * LOW HITPOINT WARNING * * *
The minotaur hits you with the +8 whip "Snakebite" {curare, rPois}!!
You die...

##≈###≈###...........###≈###≈###≈
### ##################### ### ##
#.................
#.♣.♣.©.©.©.©.♣.♣.#
#.................
###.#.#######.#.###
#.#....#((..#.# #.#.##.#.##.#.#
#......T@.....# #.#..##H##..#.#
#.#..#8.8#..#.# #....#...#....#
###8.#8.8#.8### ####[.[#### #8.8#
#:.[#


You could see a minotaur and a friendly iron troll (summoned, berserk).

Vanquished Creatures
  An orc warlord (Bailey)
  Snorg (D:11)
  2 hydras
  2 two-headed ogres
  A tengu warrior (Gauntlet)
  An unseen horror (D:12)
  A sea snake (shapeshifter) (Gauntlet)
  An ugly thing (D:12)
  A cyclops (D:12)
  Maurice (D:8)
  An elephant (D:10)
  A rust devil (Gauntlet)
  A gargoyle (D:10)
  4 cane toads
  A komodo dragon (D:12)
  Maggie (D:9)
  A freezing wraith (D:12)
  3 tengu conjurers
  A troll (D:10)
  2 polar bears (Lair:2)
  A queen bee (shapeshifter) (Gauntlet)
  Grinder (D:4)
  7 hippogriffs
  A shadow (D:11)
  A wraith (D:12)
  18 yaks
  3 wyverns
  5 vampire mosquitoes
  3 wargs (D:12)
  A water moccasin (Lair:2)
  A porcupine (Lair:2)
  2 ice beasts
  3 orc warriors
  A black bear (D:6)
  2 phantoms (D:9)
  4 sky beasts
  6 ogres
  9 wolves
  3 centaurs
  4 crocodiles
  5 bullfrogs
  A wyvern zombie (D:10)
  4 scorpions
  4 killer bees (D:7)
  9 wights
  6 howler monkeys
  A centaur zombie (D:5)
  5 hounds
  3 bullfrog zombies
  10 orc priests
  2 centaur skeletons
  2 jellies
  2 bullfrog skeletons
  3 iron imps (Gauntlet)
  10 orc wizards
  Terence (D:2)
  4 iguanas
  11 worker ants
  A worker ant zombie (D:8)
  13 adders
  A gnoll (Bailey)
  2 howler monkey skeletons
  3 shadow imps
  3 white imps
  An ufetubus (D:5)
  3 adder skeletons
  2 worms (D:3)
  A worm (shapeshifter) (Gauntlet)
  7 leopard geckos
  36 orcs
  A ball python (D:4)
  4 bats
  5 giant cockroaches
  19 goblins
  16 hobgoblins
  15 jackals
  7 quokkas
  3 frilled lizards
  21 kobolds
  9 rats
360 creatures vanquished.

Vanquished Creatures (others)
  7 fungi (D:4)
  15 plants
22 creatures vanquished.

Grand Total: 382 creatures vanquished

Notes
Turn   | Place    | Note
-------+----------+-------------------------------------------
     0 | D:1      | DogServant the Minotaur Berserker began the quest for the
                  | Orb.
     0 | D:1      | Reached XP level 1. HP: 19/19 MP: 0/0
   236 | D:1      | Reached XP level 2. HP: 19/27 MP: 1/1
  1101 | D:2      | Reached XP level 3. HP: 30/33 MP: 2/2
  1137 | D:2      | Noticed a fire elemental
  1446 | D:2      | Reached ** piety under Trog
  2050 | D:2      | Reached XP level 4. HP: 32/41 MP: 3/3
  2054 | D:2      | Reached skill level 5 in Fighting
  2054 | D:2      | Reached skill level 5 in Axes
  2349 | D:2      | Found a stormy altar of Qazlal.
  2351 | D:2      | Noticed a water elemental
  2351 | D:2      | Noticed an air elemental
  2352 | D:2      | Noticed an earth elemental
  2476 | D:2      | Noticed Terence
  2485 | D:2      | Killed Terence
  2876 | D:2      | Reached XP level 5. HP: 44/48 MP: 4/4
  3205 | D:3      | Paralysed by a goblin for 6 turns
  3214 | D:3      | Paralysed by a goblin for 2 turns
  4344 | D:4      | Reached *** piety under Trog
  4346 | D:4      | Reached XP level 6. HP: 57/57 MP: 5/5
  5002 | D:4      | Noticed Grinder
  5007 | D:4      | Paralysed by Grinder for 7 turns
  5017 | D:4      | Killed Grinder
  5017 | D:4      | Reached skill level 1 in Evocations
  5017 | D:4      | Reached XP level 7. HP: 64/64 MP: 6/6
  5179 | D:4      | Reached **** piety under Trog
  5279 | D:4      | Found a blossoming altar of Fedhas.
  5554 | D:5      | Entered Level 5 of the Dungeon
  5567 | D:5      | Reached XP level 8. HP: 56/73 MP: 7/7
  6175 | D:5      | Noticed a hippogriff
  6181 | D:5      | Killed a hippogriff
  6247 | D:5      | Reached skill level 5 in Armour
  7265 | D:6      | Found a staircase to the Ecumenical Temple.
  7316 | D:6      | Reached XP level 9. HP: 74/82 MP: 8/8
  7867 | D:7      | Found a flagged portal.
  7878 | Bailey   | Entered a bailey
  7886 | Bailey   | Noticed an orc warlord
  8012 | Bailey   | Found a runed translucent gate.
  8012 | Bailey   | Found a runed translucent gate.
  8012 | Bailey   | Found a runed translucent gate.
  8286 | Bailey   | Killed an orc warlord
  8286 | Bailey   | Reached skill level 5 in Evocations
  8935 | D:7      | Reached skill level 10 in Axes
  8935 | D:7      | Reached XP level 10. HP: 93/93 MP: 9/9
  8942 | D:7      | Reached skill level 10 in Fighting
  9332 | D:8      | Noticed a two-headed ogre
  9343 | D:8      | Killed a two-headed ogre
  9427 | D:8      | Noticed Maurice
  9433 | D:8      | Killed Maurice
  9453 | D:8      | Got a masterwork chain mail
  9464 | D:8      | Identified the cursed +0 chain mail "Bomaiz" {rF+ rN++
                  | Str-3 Dex+4} (You found it on level 8 of the Dungeon)
  9537 | D:8      | Found a burning altar of Makhleb.
  9543 | D:8      | Got an iridescent whip
  9544 | D:8      | Identified the cursed +3 whip of Frustration {flame, Int+6}
                  | (You found it on level 8 of the Dungeon)
 10264 | D:9      | Got a fine ring mail
 10275 | D:9      | Identified the +5 ring mail of the Tundras {rC+ Stlth+}
                  | (You found it on level 9 of the Dungeon)
 10328 | D:9      | Noticed Maggie
 10339 | D:9      | Killed Maggie
 10534 | D:9      | Found Seul's Assorted Antiques.
 10605 | D:9      | Found a shadowy altar of Dithmenos.
 10612 | D:9      | Reached ***** piety under Trog
 10732 | D:9      | Found an opulent altar of Gozag.
 10831 | D:10     | Entered Level 10 of the Dungeon
 10945 | D:10     | Received a gift from Trog
 10977 | D:10     | Found Mexeiwu's Hallowed Reliquary.
 10977 | D:10     | Found a glowing golden altar of the Shining One.
 10977 | D:10     | Noticed an angel
 10980 | D:10     | Bought a potion of heal wounds for 55 gold pieces
 10980 | D:10     | Bought an uncursed ring of positive energy for 220 gold
                  | pieces
 10980 | D:10     | Bought a potion of heal wounds for 55 gold pieces
 10981 | D:10     | Identified a scroll of acquirement
 10981 | D:10     | Acquired a manual of Armour
 10989 | D:10     | Reached XP level 11. HP: 104/104 MP: 3/10
 10990 | D:10     | Reached XP level 12. HP: 113/113 MP: 3/11
 12102 | D:10     | Found a staircase to the Lair.
 12470 | D:11     | Noticed a six-headed hydra
 12479 | D:11     | Killed a nine-headed hydra
 12479 | D:11     | Reached XP level 13. HP: 122/122 MP: 4/12
 12679 | D:11     | Noticed Snorg
 12690 | D:11     | Killed Snorg
 13634 | D:12     | Found a staircase to the Orcish Mines.
 13923 | Lair:1   | Entered Level 1 of the Lair of Beasts
 14047 | Lair:1   | Got a serpentine steel ring
 14130 | Lair:1   | Identified the ring of Ywavviy {rElec rN+ Str-3 SInv} (You
                  | found it on level 1 of the Lair of Beasts)
 14338 | Lair:1   | You fall into a shaft and drop 1 floor!
 14604 | Lair:2   | Reached skill level 10 in Dodging
 14778 | Lair:2   | Got a heavily runed plate armour
 14796 | Lair:2   | Identified the cursed +0 plate armour of the Cockatrice
                  | {Harm +Blink MR- Dex+7} (You found it on level 2 of the
                  | Lair of Beasts)
 14976 | Lair:2   | Received a gift from Trog
 14977 | Lair:2   | Got a jewelled war axe {god gift}
 14978 | Lair:2   | Identified the +3 war axe "Jueron" {vorpal, Dex+3} (Trog
                  | gifted it to you on level 2 of the Lair of Beasts)
 15001 | Lair:2   | Found a staircase to the Swamp.
 15370 | Lair:3   | Found a gate leading to a gauntlet.
 15378 | Gauntlet | Entered a Gauntlet
 15378 | Gauntlet | Found a transporter.
 15381 | Gauntlet | Found a transporter.
 15383 | Gauntlet | Found a transporter.
 15394 | Gauntlet | Found a transporter.
 15396 | Gauntlet | Found a transporter.
 15407 | Gauntlet | Noticed an entropy weaver
 15410 | Gauntlet | Found a transporter.
 15421 | Gauntlet | Found a transporter.
 15431 | Gauntlet | Found a transporter.
 15438 | Gauntlet | Found a runed translucent gate.
 15438 | Gauntlet | Found a runed translucent gate.
 15438 | Gauntlet | Found a runed translucent gate.
 15441 | Gauntlet | Found a transporter.
 15441 | Gauntlet | Identified the +3 hunting sling "Udussoic" {vorpal, +Inv
                  | rF- MR- Int+9}
 15441 | Gauntlet | Identified the amulet "Huobioc" {Fragile MR++ Regen+ Slay+2
                  | Stlth+}
 15453 | Gauntlet | Found a transporter.
 15453 | Gauntlet | Found a transporter.
 15470 | Gauntlet | Found a transporter.
 15482 | Gauntlet | Found a transporter.
 15529 | Gauntlet | Found a transporter.
 15814 | Gauntlet | Got a fading scale mail
 15900 | Gauntlet | Reached skill level 1 in Shields
 15981 | Gauntlet | Noticed a minotaur
 16042 | Gauntlet | HP: 1/125 [minotaur/the +8 whip "Snakebite" {curare, rPois}
                  | (8)]
 16042 | Gauntlet | Annihilated by a minotaur

Illustrated notes

Levels and vault maps discovered:
D:1:      sevenhm_arrival_forest_fort_large_4, layout_rooms, serial_glass,
          glass_columns_a, glass_columns_c, glass_columns_c, glass_columns_a,
          glass_columns_a, glass_columns_a, glass_columns_b, glass_columns_b
D:2:      layout_basic, nicolae_qazlal_style_of_elements, uniq_terence
D:3:      minmay_door_path, layout_basic
D:4:      layout_cave_pools, fedhas_altar_3, uniq_grinder
D:5:      cheibrodos_helix_gallery, layout_cave_pools, dk_vineyard_3,
          grunt_ministairs_5, grunt_decor_cap
D:6:      layout_basic, minmay_temple_entry_overgrown
D:7:      layout_basic, enter_bailey_2, patterned_corridor
D:8:      layout_rooms, bloody_makhleb, uniq_maurice
D:9:      layout_roguey, marbit_many_paths, serial_shops,
          nicolae_shop_temple_entry_statues_fountains, st_stairs_10,
          nicolae_dithmenos_the_darkroom, uniq_maggie
D:10:     layout_layer_cave, david_lair_generic, minmay_misc_feat_more_columns,
          nicolae_good_shop
D:11:     layout_cave_pods, uniq_snorg
D:12:     layout_basic, minmay_orc_entry_guard_dogs, minmay_ruined_shrine,
          uniq_psyche
Lair:1:   layout_concentric_octagons, serial_bayou_ford_a, uniq_harold
Lair:2:   layout_cellular_growth, minmay_swamp_entry_swarm,
          cheibrodos_lair_lostbears
Lair:3:   layout_roguey, nicolae_spider_entry_tight_spaces,
          gauntlet_entry_generic, st_stairs_11, zaba_anthole,
          chequers_serial_rivers_micro_c, minivault_11, serial_bayou_crossing,
          uniq_gastronok
Gauntlet: minmay_gauntlet_77_tree [minmay_gauntlet_arena_77_two_lines,
          minmay_gauntlet_arena_77_broken_ladder,
          minmay_gauntlet_arena_77_hold_the_fort,
          minmay_gauntlet_arena_77_p_blocks, minmay_gauntlet_arena_77_mirror,
          minmay_gauntlet_arena_77_run_for_it, minmay_gauntlet_arena_77_museum,
          nicolae_gauntlet_exit_dead_adventurers]

Skill      XL: |  1  2  3  4  5  6  7  8  9 10 11 12 13 |
---------------+----------------------------------------+-----
Axes           | 4 5 7 8 10 12 13 14 | 14.5
Fighting       | 4 5 6 7 8 9 12 13 14 | 14.5
Dodging        | 3 4 6 7 8 10 | 10.0
Armour         | 3 4 6 7 11 13 14 | 14.1
Evocations     | 1 2 4 5 6 7 |  7.3
Shields        | 1 |  1.0

Action                   |  1- 3 |  4- 6 |  7- 9 | 10-12 | 13-15 || total
-------------------------+-------+-------+-------+-------+-------++-------
Melee: Hand axe          |    96 |   143 |       |       |       ||   239
       Headbutt          |     9 |    29 |    35 |    47 |    49 ||   169
       War axe           |       |    11 |   181 |    75 |    49 ||   316
       Whip              |       |       |       |    55 |       ||    55
       Battleaxe         |       |       |       |    34 |       ||    34
       Executioner's axe |       |       |       |    40 |   151 ||   191
Invok: Berserk           |       |     4 |     5 |     3 |     7 ||    19
       Trog's Hand       |       |       |     1 |     1 |     3 ||     5
       Brothers in Arms  |       |       |       |       |     1 ||     1
Evoke: Wand              |       |       |     6 |       |       ||     6
  Use: Scroll            |     3 |     2 |     8 |     9 |    12 ||    34
       Potion            |     3 |       |     1 |     2 |    20 ||    26
Armor: Animal skin       |    11 |     2 |       |       |       ||    13
       Ring mail         |       |    51 |    54 |       |       ||   105
       Ice dragon scales |       |       |     3 |    96 |    69 ||   168
       Skin              |       |       |     2 |       |    67 ||    69
       Chain mail        |       |       |       |    21 |       ||    21
       Plate armour      |       |       |       |       |    52 ||    52
Dodge: Dodged            |    52 |    84 |   114 |   121 |   187 ||   558
Block: Buckler           |       |       |       |       |     9 ||     9

Table legend: (Time is in decaauts)
 A = Elapsed time spent in this place.
 B = Non-inter-level travel time spent in this place.
 C = Inter-level travel time spent in this place.
 D = Time resting spent in this place.
 E = Time spent auto-exploring this place.
 F = Levels seen in this place.
 G = Mean time per level.
                   A        B        C        D        E       F      G
               +--------+--------+--------+--------+--------+-----+--------+
         Total |  16299 |  15843 |    456 |   3325 |  10003 |  17 |  958.8 |
       Dungeon |  13495 |  13094 |    401 |   2751 |   8608 |  12 | 1124.6 |
          Lair |   1507 |   1453 |     54 |    195 |   1065 |   3 |  502.3 |
        Bailey |    622 |    622 |      0 |    237 |    163 |   1 |  622.0 |
      Gauntlet |    674 |    674 |      0 |    140 |    166 |   1 |  674.0 |
               +--------+--------+--------+--------+--------+-----+--------+

Top non-repeatable levels by time:
     D:2: 1952 daAuts
    D:10: 1673 daAuts
     D:3: 1670 daAuts
     D:4: 1240 daAuts
    D:11: 1166 daAuts
     D:1: 1095 daAuts
  Lair:2: 1058 daAuts
     D:5: 985 daAuts
     D:6: 932 daAuts
     D:9: 907 daAuts
     D:7: 895 daAuts
Gauntlet: 674 daAuts
     D:8: 645 daAuts
  Bailey: 622 daAuts
  Lair:1: 441 daAuts
